 Dungeon Crawl Stone Soup version 0.25.1-2-g60ff931df9 (webtiles) character file.

Game seed: 13134102901350217294

21 H0rd4k the Insei (level 2, 0/18 HPs)
             Began as an Octopode Transmuter on Aug 26, 2020.
             Slain by a phantom (7 damage)
             ... on level 2 of the Dungeon.
             The game lasted 00:00:58 (1144 turns).

H0rd4k the Insei (Octopode Transmuter)              Turns: 1144, Time: 00:00:59

Health: 0/18       AC:  1    Str:  9    XL:     2   Next: 87%
Magic:  5/5        EV: 13    Int: 15    God:
Gold:   61         SH:  0    Dex: 12    Spells: 2/5 levels left

rFire    . . .     SeeInvis .     - Unarmed
rCold    . . .     Gourm    .   (no shield)
rNeg     + . .     Faith    .   (helmet restricted)
rPois    .         Spirit   .   (no amulet)
rElec    .         Reflect  .   h - ring of positive energy
rCorr    .         Harm     .   (no ring)
MR       .....                  (no ring)
Stlth    +++.......             (no ring)
HPRegen  0.06/turn              (no ring)
MPRegen  0.09/turn              (no ring)
                                (no ring)
                                (no ring)

@: no status effects
A: almost no armour, stealthy swim, amphibious, 8 rings, constrict 8, camouflage
1, gelatinous body 1
a: no special abilities


You were on level 2 of the Dungeon.
You were not hungry.

You visited 1 branch of the dungeon, and saw 3 of its levels.

You collected 61 gold pieces.

Inventory:

Missiles
 a - 12 arrows
 g - 27 poisoned darts (quivered)
Jewellery
 h - a ring of positive energy (left tentacle)
Scrolls
 b - a scroll of random uselessness {unknown}
 d - a scroll of identify {unknown}
 e - a scroll of immolation {unknown}
 f - 2 scrolls of teleportation {unknown}
Comestibles
 c - 4 rations


   Skills:
 + Level 1.0 Fighting
 + Level 2.1 Dodging
 + Level 1.0 Stealth
 + Level 3.3 Unarmed Combat
 * Level 2.3 Spellcasting
 * Level 2.1 Transmutations


You had 2 spell levels left.
You knew the following spells:

 Your Spells              Type           Power        Failure   Level  Hunger
a - Beastly Appendage     Tmut           #.....       9%          1    #......
b - Sticks to Snakes      Tmut           #.......     13%         2    ###....

Your spell library contained the following spells:

 Spells                   Type           Power        Failure   Level  Hunger
 Spider Form              Tmut/Pois      #.........   38%         3    ###....
 Ice Form                 Ice/Tmut       #.......     80%         4    #####..
 Blade Hands              Tmut           #.........   94%         5    ######.


Dungeon Overview and Level Annotations

Branches:
Dungeon (3/15)

Altars:


Innate Abilities, Weirdness & Mutations

You cannot wear most types of armour.
You are very stealthy in the water. (Stealth+)
You are amphibious.
You can wear up to eight rings at the same time.
You can use your tentacles to constrict eight enemies at once.
Your skin changes colour to match your surroundings (Stealth+).
Your rubbery body absorbs attacks. (AC +1, EV +1)


Message History

You barely miss the phantom.
You pierce the phantom.
Your squeeze misses the phantom.
The phantom is lightly damaged.
The phantom hits you.
You tentacle-slap the phantom.
Your tentacle spike misses the phantom.
The phantom is moderately damaged.
The phantom blinks!
d - a scroll labeled ROTEUCWUAWN
There is a stone staircase leading up here.
Your tentacle spike disappears.
The phantom misses you.
You climb upwards.
Found 15 gold pieces, a dagger and a robe.
There is a stone staircase leading down here.
The phantom blinks!
The phantom hits you.
You see here 15 gold pieces.
You now have 61 gold pieces (gained 15).
The phantom hits you!
You die...

#......# #......#
###### #......# .....#
#.....[# .....#
#......# .....#
#......#
######.....####...)..#
.....'.....+....@W.>#
..####.....#####.####
..########## #.#
..'....... #.#
..######## #.# ..# #+#
..# ###


You could see a phantom.

Vanquished Creatures
  A giant cockroach (D:1)
  3 hobgoblins (D:1)
  3 kobolds (D:1)
  6 bats (D:1)
  A frilled lizard (D:1)
  2 goblins (D:1)
  5 rats (D:1)
21 creatures vanquished.

Notes
Turn   | Place    | Note
-------+----------+-------------------------------------------
     0 | D:1      | H0rd4k the Octopode Transmuter began the quest for the Orb.
     0 | D:1      | Reached XP level 1. HP: 13/13 MP: 3/3
   462 | D:1      | Reached XP level 2. HP: 18/18 MP: 5/5
  1028 | D:1      | Reached skill level 1 in Stealth
  1035 | D:1      | Learned a level 2 spell: Sticks to Snakes
  1113 | D:2      | You fall into a shaft and drop 1 floor!
  1118 | D:3      | Noticed a phantom
  1144 | D:2      | Slain by a phantom

Illustrated notes

Levels and vault maps discovered:
D:1:      nicolae_arrival_somewhat_less_tricky_arrival, layout_basic
D:2:      layout_basic, uniq_jessica
D:3:      layout_basic, nicolae_overflow_crystal_walls

Skill      XL: |  1  2 |
---------------+-------+-----
Stealth        | 1 |  1.0
Fighting       | |  1.0
Dodging        | |  2.1
Unarmed Combat | |  3.3
Spellcasting   | |  2.3
Transmutations | |  2.1

Action                   || total
-------------------------++-------
Melee: Unarmed           ||    52
       Constrict         ||    13
       Tentacles         ||     3
       Kick              ||     3
 Cast: Beastly Appendage ||     1
 Stab: Sleeping          ||     4
  Eat: Chunk             ||     1
Armor: Skin              ||    10
Dodge: Dodged            ||    35
